 Dungeon Crawl Stone Soup version 0.26-a0-1222-g14533b3512 (webtiles) character file.

Game seed: 11043523882214907564

1052 dolemite99 the Chopper (level 8, -12/72 HPs)
             Began as a Deep Dwarf Fighter on Jan 1, 2021.
             Was a Believer of Makhleb.
             Mangled by a two-headed ogre
             ... wielding a +0 giant club
              (20 damage)
             ... on level 5 of the Dungeon.
             The game lasted 00:09:28 (5073 turns).

dolemite99 the Chopper (Deep Dwarf Fighter)         Turns: 5073, Time: 00:09:28

Health: -12/72     AC:  9    Str: 23    XL:     8   Next: 5%
Magic:  9/9        EV:  6    Int:  8    God:    Makhleb [**....]
Gold:   316        SH: 10    Dex: 12    Spells: 7/7 levels left

rFire    . . .     SeeInvis .   a - +0 war axe
rCold    . . .     Faith    .   c - +0 kite shield
rNeg     . . .     Spirit   .   y - +0 chain mail
rPois    .         Reflect  .   (no helmet)
rElec    .         Harm     .   (no cloak)
rCorr    .         Rampage  .   (no gloves)
Will     +....     Rnd*Tele +   (no boots)
Stlth    ..........             (no amulet)
HPRegen  0.00/turn              o - ring of teleportation (curse)
MPRegen  0.11/turn              (no ring)

@: mighty, non-regenerating
A: damage resistance, heal wounds, sense surroundings 1, no regeneration
a: Heal Wounds, Renounce Religion, Minor Destruction


You were on level 5 of the Dungeon.
You worshipped Makhleb.
Makhleb was pleased with you.
You visited 1 branch of the dungeon, and saw 5 of its levels.

You collected 316 gold pieces.

Inventory:

Hand Weapons
 a - a +0 war axe (weapon)
 b - a +3 vorpal hunting sling
 E - a +2 dagger of venom
 F - the +8 demon blade "Leech" {vamp, *Rage +Rage rN+}
   (You found it on level 5 of the Dungeon)

   It inflicts no extra harm, but heals its wielder when it wounds a living foe.
   It protects you from negative energy.
   It lets you go berserk.
   It may make you go berserk in combat.
Missiles
 e - 11 curare-tipped darts (quivered)
 h - 2 silver boomerangs
 m - 210 stones
 u - 5 atropa-tipped darts
 w - 47 sling bullets
 C - 7 boomerangs
Armour
 c - a +0 kite shield (worn)
 y - a +0 chain mail (worn)
 A - +0 ice dragon scales
Magical Staves
 x - an uncursed staff of air {unknown}
Jewellery
 g - an uncursed ring of wizardry {unknown}
 o - a cursed ring of teleportation (left hand)
 v - an uncursed amulet of the acrobat {unknown}
 D - an uncursed ring of magical power
Scrolls
 i - 4 scrolls of teleportation
 l - a scroll of blinking {unknown}
 p - 2 scrolls of remove curse {unknown}
 q - 2 scrolls of enchant armour {unknown}
 r - a scroll of fog {unknown}
 s - 2 scrolls of fear
 t - a scroll of magic mapping {unknown}
Potions
 f - a potion of experience {unknown}
 j - 5 potions of lignification
 k - a potion of magic {unknown}
 n - a potion of brilliance {unknown}
 z - a potion of degeneration {unknown}
 B - a potion of curing


   Skills:
 + Level 4.2 Fighting
 + Level 5.8 Axes
 - Level 3.7 Slings
 + Level 5.1 Armour
 + Level 5.1 Shields
 + Level 3.6 Invocations


You had 7 spell levels left.
You didn't know any spells.
Your spell library contained the following spells:

 Spells                   Type           Power        Failure   Level
 Magic Dart               Conj           0%           100%        1
 Blink                    Tloc           N/A          100%        2
 Call Imp                 Summ           0%           100%        2
 Slow                     Hex            0%           100%        2
 Confusing Touch          Hex            0%           100%        3
 Conjure Flame            Conj/Fire      0%           100%        3
 Gell's Gravitas          Tloc           0%           100%        3
 Mephitic Cloud           Conj/Pois/Air  0%           100%        3
 Petrify                  Tmut/Erth      0%           100%        4
 Metabolic Englaciation   Hex/Ice        0%           100%        5
 Yara's Violent Unravell  Hex/Tmut       0%           100%        5


Dungeon Overview and Level Annotations

Branches:
Dungeon (5/15)             Temple (0/1) D:5

Altars:
Dithmenos
Makhleb
Sif Muna
Uskayaw
Wu Jian
Yredelemnul

Annotations:
D:2 1 runed translucent door, Crazy Yiuf


Innate Abilities, Weirdness & Mutations

You are resistant to damage.
You can heal yourself by infusing magical energy.
You passively map a small area around you.
You do not regenerate.


Message History

Aim: a two-headed ogre, wielding two +0 giant clubs (lightly wounded)
You shoot a stone. The stone hits the two-headed ogre!
The two-headed ogre is lightly wounded.
a - a +0 war axe (weapon)
You slash the two-headed ogre!
The two-headed ogre is moderately wounded.
The two-headed ogre hits you with a +0 giant club.
The two-headed ogre hits you but does no damage.
You slash the two-headed ogre!
The two-headed ogre is heavily wounded.
The two-headed ogre hits you with a +0 giant club!!
You block the two-headed ogre's attack.
You slash the two-headed ogre!
The two-headed ogre is severely wounded.
The two-headed ogre hits you with a +0 giant club!!
* * * LOW HITPOINT WARNING * * *
The two-headed ogre hits you with a +0 giant club!
* * * LOW HITPOINT WARNING * * *
The two-headed ogre hits you with a +0 giant club!!
You die...

#####.....# , ,
..........#.### * ** ,
#####.#........
.†......>##.#.. *
....#+#.....# *## *,
###....###### , .# *
#....+ ... .#
#....######.####.####.#
###...#.........@O.(....#
..+...#.#####.###.######
###...#.# #.# #.# ,
.....<#.# #.# #.#
#######.#####.# #.#
...........##.###.# *
#######.........#.#
#....##...##...#
#.##.##.).##...# *


You could see a two-headed ogre.

Vanquished Creatures
  A sky beast (D:5)
  A black bear (D:4)
  An ogre (D:4)
  Blork the orc (D:4)
  A scorpion (D:4)
  A vampire bat (D:3)
  A hound (D:2)
  2 orc priests (D:4)
  A bullfrog skeleton (D:5)
  6 orc wizards (D:4)
  3 gnolls (D:4)
  A howler monkey skeleton (D:5)
  11 adders
  An ufetubus (D:5)
  3 oozes (D:3)
  3 worms
  3 dart slugs
  3 fire bats (D:3)
  2 leopard geckos (D:2)
  15 orcs
  2 spectral bats (D:3)
  14 bats
  3 bat skeletons (D:3)
  A bat zombie (D:3)
  3 giant cockroaches
  10 goblins
  4 hobgoblins
  5 jackals
  3 quokkas
  5 ball pythons
  A bat simulacrum (D:3)
  4 frilled lizards
  7 kobolds
  A quokka skeleton (D:4)
  8 rats
132 creatures vanquished.

Notes
Turn   | Place    | Note
-------+----------+-------------------------------------------
     0 | D:1      | dolemite99 the Deep Dwarf Fighter began the quest for the
                  | Orb.
     0 | D:1      | Reached XP level 1. HP: 20/20 MP: 1/1
   218 | D:1      | Reached XP level 2. HP: 10/27 MP: 2/2
  1039 | D:2      | Reached XP level 3. HP: 28/34 MP: 2/2
  1065 | D:2      | Found a basalt altar of Yredelemnul.
  1066 | D:2      | Found a hide-covered altar of Uskayaw.
  1080 | D:2      | Found a burning altar of Makhleb.
  1080 | D:2      | Found a shadowy altar of Dithmenos.
  1090 | D:2      | Found a shimmering blue altar of Sif Muna.
  1091 | D:2      | Found an ornate altar of the Wu Jian Council.
  1098 | D:2      | Became a worshipper of Makhleb the Destroyer
  1140 | D:2      | Found a runed translucent door.
  1141 | D:2      | Noticed Crazy Yiuf
  1275 | D:2      | Reached XP level 4. HP: 32/42 MP: 3/3
  2017 | D:3      | Reached skill level 1 in Invocations
  2017 | D:3      | Reached XP level 5. HP: 24/49 MP: 4/4
  2103 | D:3      | Reached * piety under Makhleb
  2480 | D:3      | Reached XP level 6. HP: 29/56 MP: 6/6
  2869 | D:4      | Noticed Blork the orc
  2875 | D:4      | Killed Blork the orc
  2946 | D:4      | Reached skill level 5 in Axes
  3070 | D:4      | Reached ** piety under Makhleb
  3096 | D:4      | Reached XP level 7. HP: 56/63 MP: 8/8
  3283 | D:4      | Reached skill level 1 in Slings
  4185 | D:5      | Entered Level 5 of the Dungeon
  4306 | D:5      | Found the +8 demon blade "Leech" {vamp, *Rage +Rage rN+}
  4341 | D:5      | Reached skill level 5 in Armour
  4408 | D:5      | Reached skill level 5 in Shields
  4408 | D:5      | Reached XP level 8. HP: 64/72 MP: 9/9
  5044 | D:5      | Found a staircase to the Ecumenical Temple.
  5065 | D:5      | Noticed a two-headed ogre
  5073 | D:5      | Mangled by a two-headed ogre

Illustrated notes

Levels and vault maps discovered:
D:1:      lemuel_arrival_broad_hall, layout_basic,
          chequers_serial_rivers_large_a, skrybe_limestone_x,
          roderic_roman_lattice, serial_bayou_ford_a
D:2:      layout_basic, grunt_temple_overflow_open, uniq_crazy_yiuf_cottage
D:3:      layout_basic, grunt_decor_junction, goddamned_bats
D:4:      layout_cave_pods, uniq_blork_the_orc
D:5:      layout_basic, minmay_temple_entry_stoned_glass, nrook_pool_corridor,
          chequers_serial_rivers_marsh

Skill      XL: |  1  2  3  4  5  6  7 |
---------------+----------------------+-----
Fighting       | 3 4 |  4.2
Axes           | 3 4 5 |  5.8
Armour         | 4 5 |  5.1
Shields        | 4 5 |  5.1
Invocations    | 1 2 3 |  3.6
Slings         | 3 |  3.7

Action                   |  1- 3 |  4- 6 |  7- 9 || total
-------------------------+-------+-------+-------++-------
Melee: War axe           |   114 |   224 |    43 ||   381
       Hunting sling     |       |       |     1 ||     1
 Fire: Hunting sling     |       |       |    86 ||    86
Throw: Dart              |       |       |     3 ||     3
 Abil: Heal Wounds       |     1 |     4 |       ||     5
  Use: Scroll            |       |       |     7 ||     7
       Potion            |       |       |     1 ||     1
Armor: Scale mail        |    84 |   229 |     2 ||   315
       Chain mail        |       |       |    29 ||    29
Dodge: Dodged            |    62 |   103 |    15 ||   180
Block: Kite shield       |    95 |   199 |    47 ||   341

Table legend: (Time is in decaauts)
 A = Elapsed time spent in this place.
 B = Non-inter-level travel time spent in this place.
 C = Inter-level travel time spent in this place.
 D = Time resting spent in this place.
 E = Time spent auto-exploring this place.
 F = Levels seen in this place.
 G = Mean time per level.
                   A        B        C        D        E       F      G
               +--------+--------+--------+--------+--------+-----+--------+
         Total |   5249 |   5044 |    205 |    599 |   2982 |   5 | 1049.8 |
       Dungeon |   5249 |   5044 |    205 |    599 |   2982 |   5 | 1049.8 |
               +--------+--------+--------+--------+--------+-----+--------+

Top non-repeatable levels by time:
     D:4: 1524 daAuts
     D:2: 1029 daAuts
     D:1: 948 daAuts
     D:3: 902 daAuts
     D:5: 845 daAuts
